 Dungeon Crawl Stone Soup version 0.28-a0-1567-g1695149f81 (webtiles) character file.

Game seed: 16182998075421149201

42 southernslant the Stinger (level 3, -2/28 HPs)
             Began as a Draconian Venom Mage on Jan 19, 2022.
             Slain by a worm (10 damage)
             ... on level 2 of the Dungeon.
             The game lasted 00:03:07 (952 turns).

southernslant the Stinger (Draconian Venom Mage)     Turns: 952, Time: 00:03:07

Health: -2/28      AC:  5    Str: 12    XL:     3   Next: 33%
Magic:  3/6        EV: 12    Int: 15    God:
Gold:   65         SH:  0    Dex: 11    Spells: 3/6 levels left

rFire   . . .      SeeInvis .   a - +1 glaive (vorpal)
rCold   . . .      Faith    .   (shield currently unavailable)
rNeg    . . .      Spirit   .   (armour unavailable)
rPois   .          Reflect  .   (helmet restricted)
rElec   .          Harm     .   (no cloak)
rCorr   +          Rampage  .   (no gloves)
Will    .....                   (no boots)
Stlth   ++........              (no amulet)
HPRegen 0.09/turn               e - ring of resist corrosion
MPRegen 0.10/turn               (no ring)

@: no status effects
A: AC +5, unfitting armour, cold-blooded
a: no special abilities


You were on level 2 of the Dungeon.
You visited 1 branch of the dungeon, and saw 2 of its levels.

You collected 65 gold pieces.

Inventory:

Hand Weapons
 a - a +1 vorpal glaive (weapon)
Jewellery
 e - a ring of resist corrosion (left hand)
Scrolls
 c - 2 scrolls of identify {unknown}
 f - a scroll of noise {unknown}
 h - a scroll of fog {unknown}
Potions
 b - 2 potions of attraction {unknown}
 d - a potion of experience {unknown}
 g - a potion of haste {unknown}


   Skills:
 * Level 1.0 Fighting
 * Level 1.0 Polearms
 * Level 2.1 Dodging
 + Level 2.1 Stealth
 * Level 2.4 Spellcasting
 + Level 1.3 Transmutations
 + Level 3.1 Poison Magic


You had 3 spell levels left.
You knew the following spells:

 Your Spells              Type           Power      Damage    Failure   Level
a - Sting                 Tmut/Pois      32%        1d4       9%          1
b - Poisonous Vapours     Pois/Air       12%        N/A       17%         2

Your spell library contained the following spells:

 Spells                   Type           Power      Damage    Failure   Level
 Mephitic Cloud           Conj/Pois/Air  4%         N/A       38%         3
 Olgreb's Toxic Radiance  Pois           11%        N/A       50%         4


Dungeon Overview and Level Annotations

Branches:
Dungeon (2/15)

Altars:

Shops:
D:2 *


Innate Abilities, Weirdness & Mutations

Your plain brown scales are hard. (AC +5)
You cannot fit into any form of body armour.
You are cold-blooded and may be slowed by cold attacks.


Message History

The ufetubus hits you but does no damage.
The ufetubus closely misses you. The ufetubus hits you.
Casting: Sting (safe; 9% risk of failure)
Confirm with . or Enter, or press ? or * to list all spells.
Aiming: Sting (safe; 9% risk of failure)
Press: ? - help, Shift-Dir - straight line, f/p - ufetubus
Aim: an ufetubus (moderately wounded, poisoned, 48% to hit)
The sting hits the ufetubus.
The ufetubus looks even sicker.
The ufetubus is severely wounded.
You kill the ufetubus!
The adder bites you.
You are poisoned.
The adder poisons you!
You have reached level 3!
Your experience leads to an increase in your attributes!
Increase (S)trength, (I)ntelligence, or (D)exterity?
You feel stronger. x2; Your scales feel tougher.
Casting: Sting (safe; 9% risk of failure)
Confirm with . or Enter, or press ? or * to list all spells.
Aiming: Sting (safe; 9% risk of failure)
Press: ? - help, Shift-Dir - straight line, f - adder
Aim: an adder (48% to hit)
The sting hits the adder.
The adder is poisoned.
The adder is moderately wounded.
You feel sick. The adder barely misses you.
You slash the adder!
You kill the adder!
You feel sick. The goblin barely misses you.
Your Polearms skill increases to level 1!
You hit the goblin.
You kill the goblin!
You feel sick.
Your Fighting skill increases to level 1!
You barely miss the kobold.
You feel sick.
You are no longer poisoned.
The kobold barely misses you. The kobold closely misses you.
You slash the kobold!
You kill the kobold!
You hit the worm but do no damage. The worm bites you!
You die...

##### #...###### ########
#....#...#
#......######...#.#..#
#..............#...#.#
#........######..∩..######
######...####..#...#.....#
.........w@.....#.#...>#.#
≈≈≈..#...#####...#...#.#.##
..≈..#...# #####..##.#.#.
≈≈≈.....$. #..##.#.#.
.....###... #..##.#...
##... #.... #..##.#### #..
#.... #.. ... #. #.w..


You could see a worm.

Vanquished Creatures
  An adder (D:2)
  An ufetubus (D:2)
  2 dart slugs (D:1)
  2 ball pythons (D:1)
  An endoplasm (D:1)
  2 giant cockroaches (D:1)
  3 goblins
  2 hobgoblins (D:1)
  2 kobolds
  A quokka (D:1)
  2 bats (D:2)
  A frilled lizard (D:1)
  4 rats (D:1)
24 creatures vanquished.

Notes
Turn   | Place    | Note
-------+----------+-------------------------------------------
     0 | D:1      | southernslant the Draconian Venom Mage began the quest for
                  | the Orb.
     0 | D:1      | Reached XP level 1. HP: 14/14 MP: 3/3
    72 | D:1      | Reached XP level 2. HP: 9/22 MP: 3/5
   898 | D:2      | Learned a level 2 spell: Poisonous Vapours
   912 | D:2      | Found Pieddoci's Assorted Antiques.
   947 | D:2      | Reached XP level 3. HP: 14/27 MP: 3/6
   949 | D:2      | Reached skill level 1 in Polearms
   950 | D:2      | Reached skill level 1 in Fighting
   952 | D:2      | Slain by a worm

Illustrated notes

Levels and vault maps discovered:
D:1:      minmay_arrival_checkered_box, layout_basic
D:2:      layout_basic, serial_shops, nicolae_diamond_shop, serial_rivers,
          chequers_serial_rivers_micro_d, chequers_serial_rivers_micro_c,
          chequers_serial_rivers_room_b, chequers_serial_rivers_large_b,
          amcnicky_mini_rare_corridor_liquid

Skill      XL: |  1  2  3 |
---------------+----------+-----
Stealth        | 2 |  2.1
Dodging        | 2 |  2.1
Polearms       | 1 |  1.0
Fighting       | 1 |  1.0
Spellcasting   | |  2.4
Transmutations | |  1.3
Poison Magic   | |  3.1

Action                   || total
-------------------------++-------
Melee: Glaive            ||    45
       Unarmed           ||     6
       Tailslap          ||     3
 Cast: Sting             ||     9
 Stab: Sleeping          ||     3
Armor: Skin              ||    26
Dodge: Dodged            ||    51

Table legend: (Time is in decaauts)
 A = Elapsed time spent in this place.
 B = Non-inter-level travel time spent in this place.
 C = Inter-level travel time spent in this place.
 D = Time resting spent in this place.
 E = Time spent auto-exploring this place.
 F = Levels seen in this place.
 G = Mean time per level.
                   A        B        C        D        E       F      G
               +--------+--------+--------+--------+--------+-----+--------+
         Total |    981 |    960 |     21 |      0 |    794 |   2 |  490.5 |
       Dungeon |    981 |    960 |     21 |      0 |    794 |   2 |  490.5 |
               +--------+--------+--------+--------+--------+-----+--------+

Top non-repeatable levels by time:
     D:1: 892 daAuts
     D:2: 89 daAuts
